 Dungeon Crawl Stone Soup version 0.29.1-1-gd02db6906a (webtiles) character file.

Game seed: 17506137054765898541

154 Du3lingdragon the Slasher (level 5, -1/39 HPs)
             Began as a Merfolk Gladiator on Sept 29, 2022.
             Was a Believer of Lugonu.
             Slain by Duvessa
             ... wielding a +3 short sword of electrocution
              (8 damage)
             ... on level 4 of the Dungeon.
             The game lasted 00:08:52 (3587 turns).

Du3lingdragon the Slasher (Merfolk Gladiator)       Turns: 3587, Time: 00:08:52

Health: -1/39      AC:  4    Str: 14    XL:     5   Next: 35%
Magic:  5/5        EV: 14    Int:  7    God:    Lugonu [**....]
Gold:   181        SH:  0    Dex: 24    Spells: 4/4 levels left

rFire   . . .      SeeInvis .   a - +0 long sword
rCold   . . .      Faith    .   (no shield)
rNeg    . . .      Spirit   .   b - +0 leather armour
rPois   .          Reflect  .   c - +0 helmet
rElec   .          Harm     .   (no cloak)
rCorr   .          Rampage  .   (no gloves)
Will    .....                   (no boots)
Stlth   ++........              (no amulet)
HPRegen 0.13/turn               p - +6 ring of dexterity
MPRegen 0.09/turn               (no ring)

@: about to teleport
A: (nimble swimmer 2), mertail
a: Renounce Religion, Depart the Abyss, Bend Space


You were on level 4 of the Dungeon.
You worshipped Lugonu.
Lugonu was pleased with you.
You visited 1 branch of the dungeon, and saw 4 of its levels.

You collected 181 gold pieces.

Inventory:

Hand Weapons
 a - a +0 long sword (weapon)
Missiles
 d - 2 throwing nets
 e - a javelin (quivered)
Armour
 b - a +0 leather armour (worn)
 c - a +0 helmet (worn)
Jewellery
 p - a +6 ring of dexterity (left hand)
Wands
 o - a wand of light (8)
Scrolls
 g - a scroll of magic mapping {unknown}
 h - a scroll of enchant weapon {unknown}
 n - a scroll of vulnerability {unknown}
Potions
 i - a potion of invisibility {unknown}
 j - 2 potions of might {unknown}
 k - 2 potions of lignification {unknown}
 l - a potion of ambrosia {unknown}
 m - a potion of haste {unknown}


   Skills:
 - Level 2.5 Fighting
 + Level 6.6 Long Blades
 - Level 2.2 Throwing
 - Level 4.3 Dodging


You had 4 spell levels left.
You didn't know any spells.
Your spell library was empty.

Dungeon Overview and Level Annotations

Branches:
Dungeon (4/15)
 Temple: D:4-7

Altars:
Vehumet
Lugonu

Shops:
D:2 ?*(*

Annotations:
D:4 Dowan, Duvessa


Innate Abilities, Weirdness & Mutations

((You are very nimble when in or above water. (Stealth+, EV+, Speed+++)))
Your lower body shifts to a powerful aquatic tail in water.


Message History

You hit the kobold.
The kobold is moderately wounded.
The kobold hits you but does no damage.
You hit the kobold.
The kobold is heavily wounded.
The kobold hits you with a +0 club.
You hit the kobold.
You kill the kobold!
Lugonu accepts your kill.
No target in view!
You now have 169 gold pieces (gained 13).
There are no items here.
Found a stone staircase leading up.
There are no items here.
You now have 181 gold pieces (gained 12).
There are no items here.
You see here a +0 leather armour.
Okay, then.
You see here a +0 leather armour.
Found a falchion.
Found 2 stones.
Duvessa, Sister of Dowan comes into view.
She is wielding a +3 short sword of electrocution.
Duvessa shouts!
Dowan, Brother of Duvessa comes into view.
He is wielding a +0 dagger.
Duvessa shouts, "You can run, but you cannot escape us forever!"
Okay, then.
Found a scroll labelled LICYSK UBBUXKY.
Duvessa hits you with a +3 short sword of electrocution.
You are electrocuted!
You are too injured to fight recklessly!
You are too injured to fight recklessly!
Dowan shouts!
You hit Duvessa but do no damage.
Duvessa hits you with a +3 short sword of electrocution.
You are electrocuted!
* * * LOW HITPOINT WARNING * * *
As you read the scroll labelled LICYSK UBBUXKY, it crumbles to dust.
You feel strangely unstable.
It was a scroll of teleportation.
Duvessa hits you but does no damage.
You are electrocuted!
You die...

#.......# #
#....##.# # #
#.#..##.###### #?
####.#...........
#.#
##....#.)...######
..##..##.####..#
#.#...........#
#..###.#.#####
#.#@# #.#.# ..##e#
#.. # ...# #e# ##.
.##. .(. . # #..
####


You could see Duvessa and Dowan.

Vanquished Creatures
  Ijyb (D:3)
  Robin (D:2)
  3 adders
  2 ufetubi
  A worm (D:2)
  5 dart slugs
  A ball python (D:2)
  5 bats
  2 endoplasms
  A giant cockroach (D:2)
  12 goblins
  10 hobgoblins
  2 jackals (D:1)
  3 quokkas
  4 frilled lizards
  7 kobolds
  5 rats
65 creatures vanquished.

Notes
Turn   | Place    | Note
-------+----------+-------------------------------------------
     0 | D:1      | Du3lingdragon the Merfolk Gladiator began the quest for the
                  | Orb.
     0 | D:1      | Reached XP level 1. HP: 16/16 MP: 1/1
    23 | D:1      | Reached XP level 2. HP: 20/23 MP: 2/2
   342 | D:1      | Reached skill level 4 in Long Blades
   570 | D:2      | Reached XP level 3. HP: 28/28 MP: 3/3
   587 | D:2      | Found Rely's Weapon Boutique.
   929 | D:2      | Found Ifif's Magic Scroll Emporium.
   932 | D:2      | Found Ronirgh's Assorted Antiques.
   945 | D:2      | Noticed Robin
   971 | D:2      | Reached skill level 5 in Long Blades
  1362 | D:1      | Reached XP level 4. HP: 23/34 MP: 4/4
  1605 | D:2      | Killed Robin
  1780 | D:2      | Found Nudym's Assorted Antiques.
  2375 | D:3      | Found a faded altar of an unknown god.
  2380 | D:3      | Noticed Ijyb
  2389 | D:3      | Reached skill level 6 in Long Blades
  2394 | D:3      | Killed Ijyb
  2395 | D:3      | Reached XP level 5. HP: 18/39 MP: 5/5
  2580 | D:3      | Prayed at the altar of an unknown god.
  2580 | D:3      | Became a worshipper of Lugonu the Unformed
  2580 | D:3      | Reached * piety under Lugonu
  2580 | D:3      | Reached ** piety under Lugonu
  3406 | D:3      | Identified the +3 war axe "Yjaumos" {pain, rPois Str+3
                  | Int-4}
  3460 | D:4      | Found a radiant altar of Vehumet.
  3582 | D:4      | Noticed Duvessa
  3583 | D:4      | Noticed Dowan
  3587 | D:4      | Slain by Duvessa

Illustrated notes

Levels and vault maps discovered:
D:1:      scummos_arrival_checkerplants, layout_rooms
D:2:      layout_rooms, serial_shops, nicolae_shop_statue_plus, shop, shop,
          shop, kennysheep_generic_room_4, uniq_robin
D:3:      layout_basic, ebering_ecumenical_altar_mist, minmay_door_square,
          kennysheep_nub, st_stairs_8, uniq_ijyb
D:4:      minmay_clustersquares, layout_loops_ring, vehumet_crystals,
          mainiacjoe_overflow_surrounded_room, mainiacjoe_overflow_catwalk,
          lemuel_round_altar, mainiacjoe_overflow_paths, uniq_duvessa

Skill      XL: |  1  2  3  4 |
---------------+-------------+-----
Long Blades    | 4 5 6 |  6.6
Fighting       | |  2.5
Throwing       | |  2.2
Dodging        | |  4.3

Action                   |  1- 3 |  4- 6 || total
-------------------------+-------+-------++-------
Melee: Long sword        |    91 |    96 ||   187
       Punch             |     1 |       ||     1
Throw: Throwing net      |     2 |       ||     2
  Use: Scroll            |       |     1 ||     1
Armor: Leather armour    |    56 |    26 ||    82
Dodge: Dodged            |   113 |    76 ||   189
